 Dungeon Crawl Stone Soup version 0.17-a0-2093-gc772f4b (webtiles) character file.

8 ololoev the Firebug (level 2, 19/19 HPs)
             Began as a Demonspawn Fire Elementalist on Oct 16, 2015.
             Quit the game on level 1 of the Dungeon.
             The game lasted 00:02:12 (575 turns).

ololoev the Firebug (Demonspawn Fire Elementalist)   Turns: 575, Time: 00:02:12

Health: 19/19      AC:  2    Str:  8    XL:     2   Next: 0%
Magic:  1/5        EV: 12    Int: 16    God:
Gold:   12         SH:  0    Dex: 13    Spells: 1 memorised, 4 levels left

rFire  . . .     SeeInvis .     d - +0 dagger
rCold  . . .     Clarity  .     a - +0 robe
rNeg   . . .     SustAt   .     (no shield)
rPois  .         Gourm    .     (no helmet)
rElec  .         Spirit   .     (no cloak)
rCorr  .         Warding  .     (no gloves)
rMut   .         Stasis   .     (no boots)
MR     .....                    (no amulet)
Stlth  ++........               (no ring)
                                (no ring)

@: not resistant to hostile enchantments, unstealthy
A: hooves 1
a: no special abilities


Innate Abilities, Weirdness & Mutations

You have large cloven feet.

Inventory:

Hand Weapons
 d - a +0 dagger (weapon)
Armour
 a - a +0 robe (worn)
Scrolls
 e - 3 scrolls of enchant weapon {unknown}
Books
 b - a book of Flames

   Spells                             Type                      Level
   a - Flame Tongue                   Conjuration/Fire             1
   b - Throw Flame                    Conjuration/Fire             2
   c - Conjure Flame                  Conjuration/Fire             3
   d - Inner Flame                    Hexes/Fire                   3
   e - Sticky Flame                   Conjuration/Fire             4
   f - Fireball                       Conjuration/Fire             5
Comestibles
 c - 2 bread rations
 f - a chunk of flesh


   Skills:
 - Level 1.7 Dodging
 - Level 1.7 Stealth
 + Level 2.1 Spellcasting
 * Level 1.5 Conjurations
 + Level 2.8 Fire Magic


You had 4 spell levels left.
You knew the following spells:

 Your Spells              Type           Power        Failure   Level  Hunger
a - Flame Tongue          Conj/Fire      #....        10%         1    #......


You were on level 1 of the Dungeon.
You were not hungry.

You visited 1 branch of the dungeon, and saw 1 of its levels.

You collected 12 gold pieces.

....# ....#
....#######
..........#
##..#####.#
....#
#.########
#)..#
#........#
#.[.#
########.#
##### #@#
#h# #.# #.#
#(# #.#
#.########
#.h.).h.h.
##########

Notes
Turn   | Place    | Note
--------------------------------------------------------------
     0 | D:1      | ololoev the Demonspawn Fire Elementalist began the quest for the Orb.
     0 | D:1      | Reached XP level 1. HP: 13/13 MP: 3/3
     0 | D:1      | Noticed a formicid zombie
     7 | D:1      | Noticed a centaur zombie
    10 | D:1      | Noticed a vine stalker zombie
    14 | D:1      | Noticed a centaur zombie
    14 | D:1      | Noticed an elf zombie
    18 | D:1      | Noticed a minotaur zombie
    18 | D:1      | Noticed a minotaur zombie
    20 | D:1      | Noticed a spriggan zombie
   574 | D:1      | Gained mutation: You have large cloven feet. [demonic ancestry]
   574 | D:1      | Reached XP level 2. HP: 19/19 MP: 1/5
   575 | D:1      | Quit the game

Dungeon Overview and Level Annotations

Branches:
Dungeon (1/15)

Altars:


Message History

Casting: Flame Tongue
Confirm with . or Enter, or press ? or * to list all spells.
Aiming: Flame Tongue
Press: ? - help, Shift-Dir - straight line, f - kobold
Aim: a kobold, wielding a dagger (resting)
The flame tongue hits the kobold.
You kill the kobold!
Casting: Flame Tongue
Confirm with . or Enter, or press ? or * to list all spells.
You can't see any susceptible monsters within range! (Use Z to cast anyway.)
You start resting.
Magic restored.
A jackal comes into view.
The jackal barks!
A jackal comes into view.
There are monsters nearby!
There are monsters nearby!
There are monsters nearby!
There are monsters nearby!
You see here 27 stones.
Casting: Flame Tongue
Confirm with . or Enter, or press ? or * to list all spells.
Aiming: Flame Tongue
Press: ? - help, Shift-Dir - straight line, f - jackal
Aim: a jackal The flame tongue hits the jackal.
The jackal is lightly wounded.
The jackal barks!
Casting: Flame Tongue
Confirm with . or Enter, or press ? or * to list all spells.
Aiming: Flame Tongue
Press: ? - help, Shift-Dir - straight line, f/p - jackal
Aim: a jackal (lightly wounded)
The flame tongue hits the jackal.
You kill the jackal!
You have reached level 2!
Your demonic ancestry asserts itself...
Your feet thicken and deform.
A jackal comes into view.
Are you sure you want to abandon this character and quit the game? (Confirm with "yes".)

You could see 2 jackals.

Vanquished Creatures
  A goblin (D:1)
  2 hobgoblins (D:1)
  A jackal (D:1)
  A bat (D:1)
  2 kobolds (D:1)
  A rat (D:1)
8 creatures vanquished.

Action                   || total
-------------------------++-------
Melee: Unarmed           ||     4
 Cast: Flame Tongue      ||    14

Vault maps used:
D:1:      shiori_arrival_whats_in_store_for_you, serial_curves, eino_curves_01,
          eino_curves_04, minmay_misc_feat_chi
